 Dungeon Crawl Stone Soup version 0.27-a0-931-g5a74e75d8f (webtiles) character file.

Game seed: 10723139717456790406

9 Alarkh the Insei (level 2, 22/22 HPs)
             Began as a Demonspawn Gladiator on Apr 10, 2021.
             Got out of the dungeon alive.
             The game lasted 00:00:46 (494 turns).

Alarkh the Insei (Demonspawn Gladiator)              Turns: 494, Time: 00:00:47

Health: 22/22      AC:  4    Str: 14    XL:     2   Next: 3%
Magic:  2/2        EV: 12    Int:  9    God:
Gold:   8          SH:  0    Dex: 14    Spells: 1/1 levels left

rFire    . . .     SeeInvis .     - Unarmed
rCold    . . .     Faith    .   (no shield)
rNeg     . . .     Spirit   .   a - +0 leather armour
rPois    .         Reflect  .   b - +0 helmet
rElec    .         Harm     .   (no cloak)
rCorr    .         Rampage  .   (no gloves)
Will     .....                  (no boots)
Stlth    +.........             (no amulet)
HPRegen  0.07/turn              (no ring)
MPRegen  0.08/turn              (no ring)

@: no status effects
A: foul stench 1
a: no special abilities


You escaped.
You visited 1 branch of the dungeon, and saw 1 of its levels.

You collected 8 gold pieces.

Inventory:

Missiles
 c - 3 throwing nets (quivered)
Armour
 a - a +0 leather armour (worn)
 b - a +0 helmet (worn)
Scrolls
 e - a scroll of identify {unknown}
Potions
 d - a potion of curing {unknown}


   Skills:
 + Level 2.2 Fighting
 - Level 1.7 Throwing
 - Level 2.6 Dodging
 * Level 3.1 Unarmed Combat


You had one spell level left.
You didn't know any spells.
Your spell library was empty.

Dungeon Overview and Level Annotations

Branches:
Dungeon (1/15)

Altars:


Innate Abilities, Weirdness & Mutations

You may rarely emit foul miasma when damaged in melee.


Message History

You hit the kobold.
The kobold is severely wounded.
You hit the kobold.
You kill the kobold!
Your Unarmed Combat skill increases to level 3!
No target in view!
No target in view!
No target in view!
No target in view!
No target in view!
No target in view!
No target in view!
No target in view!
Things that are here:
a +0 dagger; a kobold corpse HP restored.
A ball python comes into view.
A ball python is nearby!
A ball python is nearby!
You hit the ball python.
You kill the ball python!
You have reached level 2!
Your demonic ancestry asserts itself...
You begin to emit a foul stench of rot and decay.
A rat comes into view.
A rat is nearby!
Found 19 stones.
The rat barely misses you.
You hit the rat.
You kill the rat!
No target in view!
No target in view!
No target in view!
No target in view!
No target in view!
You enter the shallow water.
Moving in this stuff is going to be slow.
There is a staircase leading out of the dungeon here.
Are you sure you want to leave the Dungeon?
This will make you lose the game!
You have escaped!

#.##### #..# ####..## #.##..###
##.## ###..#.#####
####.##....####...####...........
#......#.....#..≈..#.....##.####.
#.##...#8..≈....≈....≈..8##.## #.
#.####.##...≈..≈≈≈..≈...##...###.
.......#.....≈≈≈≈≈≈≈.....#....##.
#.###......≈≈≈≈...≈≈≈≈.......###.
#........≈≈≈≈≈..@..≈≈≈≈≈..#..# #.
#####.#....≈≈≈≈...≈≈≈≈....##.###.
#.##.....≈≈≈≈≈≈≈.....#.......
#.###...≈..≈≈≈..≈...####.####
#.##8..≈....≈....≈..8# #.#
#.##.....#..≈..#.....# #.#
####.#....####...####.... #.#
........#######.#### ##.. #.#
.###.#.#.##.##.....## # #.#


There were no monsters in sight!

Vanquished Creatures
  An endoplasm (D:1)
  A giant cockroach (D:1)
  A kobold (D:1)
  2 ball pythons (D:1)
  2 bats (D:1)
  2 rats (D:1)
9 creatures vanquished.

Notes
Turn   | Place    | Note
-------+----------+-------------------------------------------
     0 | D:1      | Alarkh the Demonspawn Gladiator began the quest for the
                  | Orb.
     0 | D:1      | Reached XP level 1. HP: 16/16 MP: 1/1
   308 | D:1      | Found a faded altar of an unknown god.
   356 | D:1      | Reached skill level 3 in Unarmed Combat
   376 | D:1      | Gained mutation: You may rarely emit foul miasma when
                  | damaged in melee. [demonic ancestry]
   376 | D:1      | Reached XP level 2. HP: 22/22 MP: 2/2
   494 | D:$      | Got out of the dungeon alive.

Illustrated notes

Levels and vault maps discovered:
D:1:      eino_arrival_water_star, layout_loops_corners,
          ebering_ecumenical_altar_webs

Skill      XL: |  1 |
---------------+----+-----
Unarmed Combat | 3 |  3.1
Fighting       | |  2.2
Throwing       | |  1.7
Dodging        | |  2.6

Action                   || total
-------------------------++-------
Melee: Unarmed           ||    22
Armor: Leather armour    ||     8
Dodge: Dodged            ||    18

Table legend: (Time is in decaauts)
 A = Elapsed time spent in this place.
 B = Non-inter-level travel time spent in this place.
 C = Inter-level travel time spent in this place.
 D = Time resting spent in this place.
 E = Time spent auto-exploring this place.
 F = Levels seen in this place.
 G = Mean time per level.
                   A        B        C        D        E       F      G
               +--------+--------+--------+--------+--------+-----+--------+
         Total |    494 |    403 |     91 |      0 |    349 |   1 |  494.0 |
       Dungeon |    494 |    403 |     91 |      0 |    349 |   1 |  494.0 |
               +--------+--------+--------+--------+--------+-----+--------+

Top non-repeatable levels by time:
     D:1: 494 daAuts
